 Dungeon Crawl Stone Soup version 0.30.1-9-gdf580d7c3d (webtiles) character file.

Game seed: 3617449792355154577

191 KittyFluff the Cudgeller (level 5, 0/33 HPs)
             Began as a Gargoyle Berserker on Oct 7, 2023.
             Was a Believer of Trog.
             Slain by a kobold brigand
             ... wielding a +0 whip
              (1 damage)
             ... in a sewer.
             The game lasted 00:09:28 (2470 turns).

KittyFluff the Cudgeller (Gargoyle Berserker)       Turns: 2470, Time: 00:09:29

Health: 0/33       AC:  8    Str: 23    XL:     5   Next: 70%
Magic:  5/5        EV: 11    Int:  7    God:    Trog [**....]
Gold:   94         SH:  2    Dex:  9    Spells: 4/4 levels left

rFire   . . .        a - +0 mace
rCold   . . .        i - +0 buckler
rNeg    + . .        k - +0 robe {Will+}
rPois   ∞            (no helmet)
rElec   +            b - +1 cloak
rCorr   .            (no gloves)
SInv    .            (no boots)
Will    +....        (no amulet)
Stlth   +            (no ring)
HPRegen 0.25/turn    (no ring)
MPRegen 0.09/turn

%: no passive effects
@: on berserk cooldown, slowed, very slow
A: sickness immunity, AC +4, negative energy resistance 1, electricity
resistance, torment resistance 1, petrification resistance
a: Renounce Religion, Berserk, Trog's Hand


You were in a sewer.
You worshipped Trog.
Trog was pleased with you.
You visited 1 branch of the dungeon, and saw 3 of its levels.
You also visited: Sewer.

You collected 133 gold pieces.
You spent 39 gold pieces at shops.

Inventory:

Hand Weapons
 a - a +0 mace (weapon)
Missiles
 h - 6 boomerangs (quivered)
 n - 12 poisoned darts
Armour
 b - a +1 cloak (worn)
 i - a +0 buckler (worn)
 k - a +0 robe of willpower (worn)
 m - a +0 leather armour
Wands
 q - a wand of paralysis (8)
Scrolls
 c - a scroll of immolation {unknown}
 d - 2 scrolls of fear {unknown}
 g - a scroll of amnesia {unknown}
 j - a scroll of noise
 l - a scroll of brand weapon {unknown}
Potions
 e - 2 potions of lignification
 f - a potion of curing {unknown}
 o - a potion of ambrosia {unknown}
 p - 2 potions of berserk rage {unknown}
 r - a potion of degeneration {unknown}


   Skills:
 + Level 4.0 Fighting
 * Level 4.3 Maces & Flails
 * Level 4.0 Armour
 + Level 2.3 Dodging


You had 4 spell levels left.
You didn't know any spells.
Your spell library was empty.

Dungeon Overview and Level Annotations

Branches:
Dungeon (3/15)              Sewer (1/1)

Altars:

Shops:
D:1 (*


Innate Abilities, Weirdness & Mutations

You are immune to sickness and miasma.
Your stone body is resilient. (AC +4)
You are immune to poison.
You resist negative energy. (rN+)
You are resistant to electric shocks. (rElec)
You are resistant to unholy torment.
You are immune to petrification.


Message History

The kobold brigand hits you with a +0 whip.
You hit the kobold brigand.
The kobold brigand is heavily wounded.
The kobold brigand hits you but does no damage.
The kobold brigand misses you.
Your unstable footing causes you to fumble your attack.
The kobold brigand misses you.
The kobold brigand hits you but does no damage.
You hit the kobold brigand.
The kobold brigand is severely wounded.
The kobold brigand hits you but does no damage.
You block the kobold brigand's attack.
Your unstable footing causes you to fumble your attack.
You block the kobold brigand's attack. The kobold brigand barely misses you.
You closely miss the kobold brigand.
The kobold brigand is severely wounded.
The kobold brigand hits you with a +0 whip.
The kobold brigand barely misses you.
Your unstable footing causes you to fumble your attack.
The kobold brigand misses you.
Your unstable footing causes you to fumble your attack.
The kobold brigand closely misses you.
The kobold brigand hits you with a +0 whip.
You hit the kobold brigand.
The kobold brigand is severely wounded.
You block the kobold brigand's attack.
The kobold brigand hits you with a +0 whip!
* * * LOW HITPOINT WARNING * * *
Your unstable footing causes you to fumble your attack.
The kobold brigand hits you but does no damage. x2
You barely miss the kobold brigand.
The kobold brigand is severely wounded.
The kobold brigand hits you with a +0 whip.
* * * LOW HITPOINT WARNING * * *
The kobold brigand hits you with a +0 whip.
* * * LOW HITPOINT WARNING * * *
You hit the kobold brigand.
The kobold brigand is almost dead.
The kobold brigand hits you with a +0 whip.
You die...

#~~.~~.~ #~~..~..
####### ##~~.....
#.~~†~##### ##..~~~..~
#####~~~~~####..~~##~..
#.~~~~###~~....~.####~~
####### #~~.~~~~~# #.~
#.~~~.###~......## .~.
#K@~~~#######
#.~~~~##### ######


You could see a kobold brigand.

Vanquished Creatures
  A kobold brigand (Sewer)
  An orc wizard (D:3)
  4 adders
  4 worms
  2 orcs (D:3)
  8 endoplasms
  A giant cockroach (D:1)
  2 goblins
  5 hobgoblins
  4 jackals (D:2)
  4 kobolds
  2 quokkas
  5 ball pythons
  3 bats
  3 frilled lizards
  4 rats
53 creatures vanquished.

Notes
Turn   | Place    | Note
-------+----------+-------------------------------------------
     0 | D:1      | KittyFluff the Gargoyle Berserker began the quest for the
                  | Orb.
     0 | D:1      | Reached XP level 1. HP: 14/14 MP: 1/1
   103 | D:1      | Found a faded altar of an unknown god.
   149 | D:1      | Found Xuvaugi's Weapon Boutique.
   235 | D:1      | Reached XP level 2. HP: 19/19 MP: 2/2
   478 | D:1      | Found Horruth's General Store.
   607 | D:1      | Bought a scroll of noise for 13 gold pieces
   607 | D:1      | Bought a scroll of identify for 26 gold pieces
   684 | D:2      | Reached XP level 3. HP: 13/23 MP: 3/3
  1174 | D:2      | HP: 1/23 [adder (2)]
  1294 | D:2      | Reached XP level 4. HP: 27/29 MP: 4/4
  1520 | D:3      | Reached ** piety under Trog
  2054 | D:3      | Found a glowing drain.
  2063 | Sewer    | Entered a sewer
  2184 | Sewer    | Reached XP level 5. HP: 11/33 MP: 5/5
  2421 | Sewer    | Noticed a kobold brigand
  2421 | Sewer    | Noticed a kobold brigand
  2449 | Sewer    | Killed a kobold brigand
  2469 | Sewer    | HP: 1/33 [kobold brigand/+0 whip (3)]
  2470 | Sewer    | Slain by a kobold brigand

Illustrated notes

Levels and vault maps discovered:
D:1:      mrwooster_arrival_statue, layout_loops_ring,
          shapermc_ecumenical_altar_starsandcircs, serial_shops, shop_fountains,
          nicolae_shop_behind_doors
D:2:      layout_loops_ring
D:3:      layout_loops_ring, portal_sewer_entry_d
Sewer:    sewer_co_tree

Skill      XL: |  1  2  3  4  5 |
---------------+----------------+-----
Armour         | 3 4 |  4.0
Dodging        | 2 |  2.3
Maces & Flails | 4 |  4.3
Fighting       | 4 |  4.0

Action                     |  1- 3 |  4- 6 || total
---------------------------+-------+-------++-------
  Melee: Mace              |   117 |   150 ||   267
 Invoke: Berserk           |       |     1 ||     1
    Use: Scroll            |     1 |       ||     1
 Armour: Animal skin       |    14 |       ||    14
         Robe              |    38 |    33 ||    71
  Dodge: Dodged            |    85 |    43 ||   128
  Block: Buckler           |     8 |     8 ||    16
